Map: Mementos LE

Players

podliva - Winner!

  • Race: Protoss Protoss
  • League: Platinum
  • Spawn Location: 1:00

AVTOR - Winner!

  • Race: Terran Terran
  • Spawn Location: 12:00

gaf - Winner!

  • Race: Terran Terran
  • Spawn Location: 3:00

RyuKey - Winner!

  • Race: Terran Terran
  • League: Diamond
  • Spawn Location: 3:00

raider

  • Race: Terran Terran
  • Spawn Location: 9:00

Dolphin

  • Race: Zerg Zerg
  • Spawn Location: 6:00

Ultraworg

  • Race: Zerg Zerg
  • Spawn Location: 7:00

SagnaOhm

  • Race: Zerg Zerg
  • League: Platinum
  • Spawn Location: 9:00

VOD

Have the link to the VOD?

Description

Time

  • Played on: June 8, 2020, 9:57 a.m.
  • Length: 13:14
Show
View Real Time Build Order
Export as new Build Order

podliva Protoss - Winner!

Build Orders: Carriers 

Get SALT Encoding   

  12  0:01  Probe  
  13  0:13  Probe  
  14  0:18  Pylon  
  14  0:25  Probe  
  15  0:37  Probe (Chrono Boost)  
  16  0:48  Probe (Chrono Boost)  
  16  0:49  Gateway  
  17  0:53  Probe (Chrono Boost)  
  18  1:03  Probe (Chrono Boost)  
  19  1:11  Assimilator  
  19  1:15  Probe (Chrono Boost)  
  19  1:18  Forge  
  20  1:19  Probe (Chrono Boost)  
  20  1:23  Pylon  
  21  1:30  Probe  
  21  1:31  Assimilator  
  22  1:43  Cybernetics Core  
  22  1:51  Probe  
  25  2:03  Probe  
  24  2:14  Nexus  
  24  2:15  Probe  
  25  2:28  Stargate  
  25  2:30  Probe  
  26  2:42  Pylon  
  26  2:43  Probe  
  27  2:52  Photon Cannon  
  27  2:56  Pylon, Probe  
  28  3:00  Warp Gate  
  28  3:11  Void Ray (Chrono Boost)  
  32  3:25  Probe  
  33  3:30  Probe  
  34  3:36  Stalker  
  34  3:37  Probe  
  37  3:48  Probe  
  38  3:49  Probe  
  38  3:54  Shield Battery  
  39  4:24  Nexus  
  39  4:28  Pylon  
  39  4:30  Pylon  
  39  4:33  Assimilator  
  39  4:37  Assimilator  
  39  4:40  Stargate, Probe x2  
  39  4:43  Pylon, Assimilator  
  41  4:48  Assimilator  
  41  4:51  Photon Cannon  
  41  4:52  Probe x2  
  43  4:54  Photon Cannon  
  43  5:03  Photon Cannon  
  43  5:04  Probe  
  44  5:10  Photon Cannon  
  44  5:13  Probe  
  45  5:16  Probe  
  45  5:18  Shield Battery  
  46  5:21  Photon Cannon  
  46  5:26  Protoss Shields Level 1 (Chrono Boost)  
  46  5:33  Protoss Air Weapons Level 1  
  46  5:39  Probe x2 (Chrono Boost)  
  46  5:40  Probe (Chrono Boost)  
  49  5:51  Probe x2 (Chrono Boost)  
  52  5:57  Probe (Chrono Boost)  
  52  5:59  Probe x2 (Chrono Boost)  
  52  6:00  Void Ray  
  52  6:03  Probe (Chrono Boost)  
  59  6:06  Phoenix, Probe (Chrono Boost)  
  59  6:08  Probe (Chrono Boost)  
  63  6:15  Probe (Chrono Boost)  
  63  6:18  Probe (Chrono Boost)  
  66  6:21  Probe (Chrono Boost)  
  66  6:22  Probe (Chrono Boost)  
  66  6:23  Probe (Chrono Boost)  
  68  6:25  Fleet Beacon  
  68  6:28  Pylon  
  68  6:29  Probe  
  69  6:36  Probe x2  
  71  6:42  Probe (Chrono Boost)  
  72  6:48  Probe (Chrono Boost)  
  72  6:49  Probe (Chrono Boost)  
  75  6:58  Void Ray x2  
  75  7:00  Probe x3 (Chrono Boost)  
  85  7:04  Probe x2 (Chrono Boost)  
  85  7:06  Probe (Chrono Boost)  
  88  7:10  Unknown  
  88  7:15  Probe  
  89  7:18  Stargate, Probe  
  89  7:19  Stargate  
  90  8:00  Nexus  
  90  8:01  Carrier  
  90  8:02  Carrier x2  
  90  8:03  Assimilator  
  108  8:07  Assimilator  
  108  8:10  Pylon  
  108  8:13  Pylon  
  108  8:15  Pylon  
  108  8:18  Cybernetics Core  
  108  8:19  Pylon, Twilight Council  
  108  8:24  Pylon  
  108  8:25  Robotics Facility  
  108  8:26  Pylon  
  108  8:28  Pylon, Carrier  
  108  8:31  Pylon  
  114  8:36  Pylon  
  114  8:38  Protoss Air Weapons Level 2 (Chrono Boost)  
  114  8:39  Pylon  
  114  8:41  Photon Cannon  
  114  8:43  Photon Cannon  
  114  8:46  Pylon, Photon Cannon  
  114  8:50  Photon Cannon  
  114  8:55  Shield Battery  
  114  8:57  Shield Battery  
  114  9:03  Protoss Shields Level 2 (Chrono Boost)  
  114  9:05  Tempest, Anion Pulse-Crystals  
  119  9:12  Protoss Air Armor Level 1 (Chrono Boost)  
  119  9:13  Observer  
  119  9:16  Carrier  
  126  9:34  Tempest  
  131  9:42  Stargate  
  131  9:46  Stargate  
  131  10:02  Carrier  
  135  10:43  Void Ray  
  135  10:44  Void Ray x3  
  151  11:03  Carrier  
  157  11:06  Carrier  
  151  11:27  Carrier  
  151  11:32  Carrier  
  169  11:33  Carrier x2  
Show
View Real Time Build Order
Export as new Build Order

AVTOR Terran - Winner!

Build Orders:  

Get SALT Encoding   

  12  0:07  SCV  
  13  0:19  SCV  
  14  0:36  Supply Depot  
  14  0:39  SCV  
  15  0:45  Supply Depot  
  15  0:58  SCV  
  15  1:01  Barracks  
  16  1:09  Refinery  
  16  1:10  SCV  
  17  1:23  SCV  
  18  1:35  SCV  
  19  1:40  Barracks  
  19  2:26  SCV  
  19  2:28  Supply Depot  
  19  2:29  Refinery  
  20  2:33  Engineering Bay  
  20  2:35  Marine x2  
  22  2:38  SCV  
  23  2:50  SCV  
  24  2:51  Supply Depot  
  24  2:52  Marine  
  24  2:53  Marine  
  26  3:02  SCV  
  26  3:03  Command Center  
  27  3:13  Barracks Reactor  
  27  3:14  SCV  
  27  3:19  Barracks Reactor  
  28  3:28  Supply Depot  
  28  3:50  Terran Infantry Weapons Level 1  
  28  3:55  SCV  
  29  4:00  Marine x4  
  33  4:07  SCV  
  34  4:17  Marine  
  34  4:18  Marine x3  
  34  4:19  SCV  
  39  4:35  Marine x3  
  39  4:36  Marine  
  43  4:43  Factory  
  43  4:47  Engineering Bay  
  43  4:48  SCV  
  45  4:52  SCV  
  45  5:00  SCV  
  45  5:03  Barracks  
  45  5:05  SCV  
  47  5:13  SCV  
  48  5:17  SCV  
  48  5:19  Terran Infantry Armor Level 1  
  49  5:25  SCV  
  50  5:33  Supply Depot  
  50  5:37  SCV, Supply Depot  
  51  5:49  Marine x2  
  52  5:50  Marine x2  
  52  5:53  Barracks Tech Lab  
  52  5:56  Supply Depot  
  55  6:02  Orbital Command, Starport  
  55  6:07  Marine x2, SCV  
  55  6:08  Marine x2  
  60  6:14  Combat Shield  
  60  6:19  Marauder  
  62  6:31  Ghost Academy  
  62  6:40  Marauder  
  62  6:46  Medivac  
  66  6:52  SCV  
  67  7:02  Marauder  
  67  7:04  SCV  
  67  7:07  Marine x4  
  74  7:16  Medivac, SCV  
  77  7:24  Marine  
  77  7:25  Marine x3  
  81  7:33  Stimpack  
  81  7:44  Refinery  
  81  7:45  SCV  
  81  7:46  Refinery  
  81  7:49  Personal Cloaking  
  82  7:59  Ghost  
  84  8:18  Orbital Command  
  84  8:28  Ghost  
  86  9:02  Command Center  
  86  9:03  Marine  
  86  9:04  Marine x3  
  90  9:11  Supply Depot  
  90  9:13  Concussive Shells, Supply Depot  
  90  9:15  Nuke, Supply Depot  
  90  9:17  Supply Depot  
  90  9:21  Marine x2, Hi-Sec Auto Tracking  
  90  9:22  Marine x2, Neosteel Armor  
  94  9:39  Marine x4  
  98  9:57  Marine x4  
  73  11:05  Nuke  
  45  11:29  Ghost  
  47  11:47  Armory  
  47  11:48  Enhanced Shockwaves  
  46  11:58  Ghost  
  48  12:26  Ghost  
Show
View Real Time Build Order
Export as new Build Order

gaf Terran - Winner!

Build Orders:  

Get SALT Encoding   

  12  0:03  SCV  
  13  0:15  SCV  
  14  0:24  Supply Depot  
  14  0:35  SCV  
  15  0:37  Refinery  
  15  0:52  Barracks  
  15  1:10  SCV  
  16  1:22  SCV  
  17  1:34  SCV  
  18  1:44  Marine  
  18  1:47  SCV  
  20  1:59  SCV  
  21  2:02  Marine  
  22  2:10  Bunker  
  22  2:11  SCV  
  23  2:17  Factory  
  23  2:26  Supply Depot  
  23  2:34  Refinery  
  23  2:47  Marine, SCV  
  25  2:55  Supply Depot  
  25  2:59  SCV  
  25  3:02  Factory Tech Lab  
  25  3:05  Marine, Starport  
  27  3:11  SCV  
  28  3:24  Siege Tank  
  31  3:44  Starport Tech Lab  
  29  4:19  Supply Depot  
  29  4:23  Bunker  
  29  4:44  Fusion Core  
  29  4:50  Marine  
  30  5:08  Marine  
  30  5:13  Engineering Bay  
  31  5:16  Command Center  
  31  5:20  Orbital Command  
  31  5:25  Marine  
  32  5:38  Battlecruiser  
  38  5:43  Marine  
  38  5:47  Missile Turret  
  39  5:52  Missile Turret  
  39  6:07  Missile Turret  
  39  6:08  Supply Depot  
  39  6:16  Weapon Refit  
  39  6:28  SCV  
  39  6:31  Supply Depot  
  40  6:40  SCV  
  41  6:52  SCV  
  42  7:04  Battlecruiser, SCV  
  49  7:16  SCV  
  50  8:57  Orbital Command  
  50  9:03  Refinery  
  50  9:04  Refinery  
  50  9:05  Missile Turret x3  
  51  9:17  SCV  
  51  9:25  Missile Turret  
  51  9:26  Missile Turret  
  51  9:28  Missile Turret  
  51  9:29  Missile Turret, SCV  
  52  9:36  SCV  
  53  9:41  SCV  
  54  9:48  SCV  
  55  9:53  SCV  
  56  10:00  SCV  
  56  10:01  Battlecruiser  
  56  10:05  SCV  
  64  10:12  SCV  
  64  10:14  Command Center  
  65  10:16  Starport  
  65  10:17  SCV  
  65  10:18  Starport  
  66  10:24  SCV  
  67  10:29  SCV  
  68  10:36  SCV  
  68  10:41  SCV  
  70  11:09  Armory  
  70  11:14  Armory  
  70  11:27  Battlecruiser  
  76  11:38  Starport Tech Lab  
  76  11:45  Starport Tech Lab  
  76  11:52  SCV x2, Command Center  
  78  12:04  SCV x2  
  78  12:05  Refinery, Orbital Command  
  80  12:08  Refinery  
  80  12:09  Refinery  
  80  12:16  SCV x2  
  82  12:28  SCV x2  
  96  12:30  Refinery  
  96  12:37  Supply Depot  
  96  12:38  Supply Depot  
  96  12:40  SCV x2  
  104  12:59  SCV, Supply Depot  
  104  13:04  Supply Depot  
Show
View Real Time Build Order
Export as new Build Order

RyuKey Terran - Winner!

Build Orders:  

Get SALT Encoding   

  12  0:01  SCV  
  13  0:13  SCV  
  14  0:23  Supply Depot  
  14  0:25  SCV  
  15  0:44  SCV  
  16  0:52  Barracks  
  16  0:56  SCV  
  17  0:59  Refinery  
  17  1:09  SCV  
  18  1:21  SCV  
  18  1:23  Barracks  
  19  1:25  Refinery  
  19  1:33  SCV  
  20  1:42  Barracks Reactor  
  20  1:51  Barracks  
  21  1:54  Orbital Command  
  20  2:20  SCV  
  20  2:21  Barracks Tech Lab  
  21  2:29  Marine x2  
  23  2:36  Supply Depot  
  23  2:46  Barracks Tech Lab  
  23  2:56  Stimpack  
  23  2:58  Marine x2, Marauder, SCV  
  28  2:59  Supply Depot  
  28  3:05  Marine, Combat Shield  
  29  3:10  SCV  
  30  3:16  Marine  
  31  3:21  Marine x2  
  33  3:39  Marine x4  
  33  3:56  Marine  
  33  3:57  Marine x3  
  33  4:00  SCV  
  35  4:05  Command Center  
  34  4:13  SCV  
  34  4:14  Marine  
  36  4:17  Marine x2, Supply Depot  
  38  4:25  SCV  
  39  4:38  Marine x4  
  39  4:39  Supply Depot  
  39  4:43  Factory  
  43  4:48  SCV  
  44  4:54  Supply Depot  
  44  4:56  Marine  
  45  5:03  Marine x3  
  45  5:06  SCV  
  45  5:07  Concussive Shells  
  49  5:19  Orbital Command  
  49  5:20  SCV  
  50  5:27  Starport  
  50  5:30  Factory Reactor  
  50  5:32  SCV  
  50  5:33  Marine x2  
  53  5:37  Marine  
  54  5:43  Refinery  
  54  5:44  SCV  
  54  5:46  Refinery  
  54  5:48  SCV  
  56  5:54  Marine  
  56  5:56  SCV  
  58  6:00  SCV  
  59  6:07  Marine  
  60  6:14  SCV x2  
  62  6:18  Engineering Bay  
  62  6:22  Marine x3  
  62  6:23  Engineering Bay  
  62  6:25  Marine  
  65  6:26  SCV x2  
  68  6:38  SCV x2  
  70  6:40  Marine x3  
  70  6:46  Marine, Factory Tech Lab  
  74  6:50  Terran Infantry Armor Level 1, SCV x2, Terran Infantry Weapons Level 1  
  76  6:56  Medivac  
  78  7:19  Marine  
  78  7:33  Supply Depot  
  78  7:41  Supply Depot  
  78  7:42  Supply Depot  
  78  7:45  Marine x2, SCV  
  78  7:47  SCV  
  78  7:54  Siege Tank  
  78  7:55  Marauder x2  
  78  7:57  SCV, Command Center  
  86  8:01  Medivac x2, SCV  
  86  8:03  Marine  
  92  8:07  Armory  
  92  8:08  Supply Depot  
  92  8:09  SCV  
  93  8:13  SCV  
  93  8:15  Supply Depot  
  93  8:19  Supply Depot  
  94  8:21  SCV  
  94  8:25  SCV  
  94  8:27  Marine x4, Siege Tank  
  99  8:31  Medivac x2  
  99  8:33  SCV  
  108  8:45  Marine x2  
  110  8:49  SCV x2  
  110  8:51  Marauder x2  
  116  8:56  Refinery  
  116  9:00  Refinery  
  116  9:01  Medivac, SCV  
  116  9:02  Marine  
  119  9:03  Marine  
  121  9:12  Marauder  
  123  9:17  Marine  
  123  9:20  Marine x2  
  123  9:24  Missile Turret  
  126  9:27  SCV  
  126  9:28  Planetary Fortress, SCV  
  128  9:33  Marine  
  128  9:35  Marine  
  128  9:38  Marine  
  130  9:43  Missile Turret  
  131  9:58  Marine x4  
  131  9:59  Siege Tank  
  138  10:04  Missile Turret  
  138  10:16  Marine x4  
  138  10:19  SCV x3  
  132  10:31  SCV x2  
  132  10:32  SCV  
  132  10:34  Marine x2  
  123  10:53  SCV x3  
  124  10:59  Command Center  
  124  11:03  Command Center  
  124  11:05  SCV x3  
  125  11:17  Marine x4, SCV x3  
  125  11:18  Siege Tank  
  133  11:29  SCV x3  
  136  11:35  Marine x4  
  140  11:41  SCV  
  141  11:52  Marine  
  141  11:53  Marine x3  
  145  11:57  Supply Depot x2  
  145  12:03  SCV x2, Supply Depot  
  145  12:04  SCV  
  142  12:15  SCV  
  142  12:16  SCV x2  
  137  12:27  SCV  
  137  12:28  SCV  
  135  12:35  Marine x3  
  135  12:36  Marine, Siege Tank  
  142  12:40  SCV x2  
  142  12:43  Command Center  
  144  12:53  Marine x4  
Show
View Real Time Build Order
Export as new Build Order

raider Terran 

Build Orders:  

Get SALT Encoding   

  12  0:02  SCV  
  13  0:18  SCV  
  14  0:30  SCV  
  14  0:34  Supply Depot  
  15  0:49  Engineering Bay  
  15  0:55  SCV  
  16  0:57  Barracks  
  16  1:08  Barracks  
  15  1:29  Barracks  
  15  1:44  Marine  
  16  1:52  Barracks  
  16  1:56  Marine  
  17  2:02  Marine  
  17  2:03  Supply Depot  
  17  2:05  SCV  
  19  2:14  Marine  
  20  2:19  Supply Depot  
  20  2:20  Marine  
  21  2:24  SCV  
  21  2:26  Marine  
  23  2:40  Marine x3  
  26  2:47  Refinery  
  26  2:50  Marine  
  27  2:58  Marine x2  
  29  3:07  Supply Depot  
  29  3:18  Marine  
  29  3:19  Marine x3  
  32  3:36  Marine x2  
  24  4:05  Marine x3  
  24  4:06  Marine  
  27  4:23  Marine x3  
  26  4:25  Marine  
  26  4:30  Refinery  
  27  4:35  Orbital Command  
  27  4:41  Marine x3  
  30  4:52  Factory  
  30  5:07  Marine  
  30  5:08  Marine x3  
  34  5:40  Starport  
  34  5:47  Factory Tech Lab  
  34  5:48  Starport  
  34  6:01  Marine x2  
  36  6:19  Siege Tank  
  36  6:22  Starport Tech Lab  
  39  6:26  Fusion Core  
  39  6:28  Starport Tech Lab  
  36  7:32  Battlecruiser  
  37  7:40  Engineering Bay  
  34  7:54  SCV  
  27  8:06  SCV  
  27  8:12  Missile Turret  
  28  8:14  Missile Turret  
  28  8:18  Missile Turret  
  28  8:23  Battlecruiser  
  32  8:50  Missile Turret  
  32  9:09  Missile Turret  
  32  9:37  Siege Tank  
  35  9:50  Marine x2  
  37  10:09  Siege Tank  
  40  10:28  Battlecruiser  
Show
View Real Time Build Order
Export as new Build Order

Dolphin Zerg 

Build Orders: Pool First 

Get SALT Encoding   

  12  5:25  Drone x2  
  12  5:26  Overlord  
  14  5:31  Spawning Pool  
  14  5:32  Extractor  
  14  5:34  Extractor  
  11  5:40  Drone  
  12  5:42  Hatchery  
  11  5:55  Drone  
  12  6:05  Drone  
  13  6:20  Queen  
  13  6:21  Drone  
  13  6:22  Hatchery, Drone  
  16  6:34  Drone  
  17  6:52  Overlord  
  17  6:53  Overlord  
  17  6:56  Queen  
  19  7:02  Spore Crawler  
  19  7:05  Lair  
  19  7:07  Spore Crawler  
  17  7:12  Drone  
  18  7:20  Spore Crawler  
  17  7:26  Spore Crawler  
  14  7:34  Drone x3  
  14  7:36  Drone x3  
  20  7:39  Drone  
  21  7:44  Drone x3  
  22  7:52  Spore Crawler  
  22  7:53  Drone  
  22  7:57  Drone, Spore Crawler  
  20  8:01  Drone  
  21  8:09  Spore Crawler  
  19  8:14  Drone x3  
  21  8:23  Spore Crawler  
  21  8:24  Queen, Drone x2  
  24  8:27  Drone x3  
  24  8:29  Drone  
  28  8:40  Spire  
  27  8:43  Hatchery  
  27  8:44  Drone  
  27  8:47  Extractor x2  
  25  8:50  Drone x2  
  25  8:51  Spine Crawler, Drone  
  27  9:02  Drone  
  28  9:03  Queen  
  28  9:04  Drone x2  
  32  9:12  Spore Crawler  
  32  9:13  Drone  
  32  9:14  Drone  
  33  9:20  Drone  
  34  9:26  Drone  
  35  9:50  Overlord x3  
  35  9:51  Overlord  
  35  9:53  Zerg Flyer Weapons Level 1  
  35  9:56  Queen, Drone  
  35  9:59  Drone  
  41  10:00  Drone x2  
  41  10:08  Corruptor x3  
  47  10:27  Spine Crawler  
  40  10:33  Overlord  
  37  10:37  Drone  
  37  10:38  Spine Crawler  
  31  10:53  Zergling x10  
Show
View Real Time Build Order
Export as new Build Order

Ultraworg Zerg 

Build Orders: Pool First 

Get SALT Encoding   

  12  0:12  Drone x2  
  14  0:43  Spawning Pool  
  13  0:58  Extractor  
  12  1:32  Zergling x4  
  14  1:34  Overlord  
  15  2:30  Zergling x6  
  15  2:33  Queen  
  19  2:54  Zergling x2  
  19  2:55  Zergling x2  
  16  4:09  Lair  
  16  4:28  Roach Warren  
  15  5:10  Overlord  
  15  5:14  Roach x3  
  19  5:18  Zergling x2  
  19  5:20  Overlord x4  
  22  5:49  Ravager  
  24  5:50  Ravager x2  
  27  6:25  Roach  
  27  6:26  Roach x2  
  31  6:46  Spire  
  30  7:43  Infestation Pit  
  29  8:26  Corruptor x2  
  11  10:41  Hive  
  11  12:13  Hatchery  
  10  12:32  Ultralisk Cavern  
Show
View Real Time Build Order
Export as new Build Order

SagnaOhm Zerg 

Build Orders: Pool First 

Get SALT Encoding   

  12  0:21  Drone x2  
  12  0:26  Overlord  
  14  0:40  Extractor  
  14  0:41  Drone  
  14  0:48  Drone  
  15  1:07  Drone x2  
  17  1:12  Spawning Pool  
  16  1:19  Drone  
  17  1:40  Drone x2  
  19  1:48  Overlord  
  19  1:59  Metabolic Boost  
  19  2:02  Zergling x2  
  19  2:06  Queen  
  22  2:10  Zergling x2  
  23  2:28  Zergling x2  
  24  2:38  Zergling x2  
  25  2:53  Zergling x2  
  25  2:54  Zergling x2  
  27  3:06  Zergling x2  
  28  3:14  Zergling x2  
  29  3:24  Zergling x2  
  29  3:27  Overlord x3  
  30  3:36  Hatchery  
  21  4:05  Zergling x2  
  21  4:06  Zergling x8  
  25  4:18  Zergling x2  
  26  4:38  Queen  
  26  4:41  Extractor  
  27  4:47  Roach Warren, Drone x2  
  27  4:51  Queen  
  29  5:23  Drone x2  
  29  5:24  Drone x5  
  29  5:25  Drone x2  
  38  5:39  Lair  
  38  5:44  Drone x2  
  40  5:53  Roach  
  40  5:54  Roach x3  
  48  6:06  Roach x3  
  48  6:07  Roach x2  
  58  6:15  Roach  
  58  6:17  Overlord x3  
  60  6:35  Roach  
  60  6:36  Roach x5  
  71  6:44  Glial Reconstitution, Hydralisk Den  
  71  6:46  Overseer  
  70  7:03  Roach x3  
  70  7:04  Roach x4  
  84  7:12  Overlord x2  
  84  7:13  Overlord x2  
  84  7:34  Extractor  
  84  7:36  Drone x3, Extractor  
  84  7:37  Drone x3  
  84  7:55  Roach x2  
  84  7:56  Roach x5  
  98  8:09  Evolution Chamber x2  
  96  8:22  Hydralisk x2  
  100  8:33  Hydralisk  
  102  8:57  Spore Crawler  
  102  8:58  Spore Crawler  
  102  9:01  Spore Crawler  
  102  9:02  Drone x3, Spore Crawler  
  101  9:03  Drone x6  
  107  9:16  Evolution Chamber, Hydralisk  
  106  9:20  Overlord x2  
  108  9:25  Zerg Ground Armor Level 1, Zerg Melee Weapons Level 1  
  108  9:42  Grooved Spines  
  108  9:45  Roach x4  
  116  9:50  Overlord  
  116  9:51  Overlord x3  
  90  10:24  Hydralisk x2  
  90  10:25  Hydralisk x6  
  106  10:42  Spore Crawler  
  106  10:43  Spore Crawler  
  106  10:44  Drone, Spore Crawler x2  
  95  10:53  Muscular Augments  
  71  11:06  Roach x4  
  45  11:25  Roach  
  45  11:26  Roach x5  
Tags
 
Add a new tag
Caveats
  • Supply blocks, unpowered buildings, or Contaminate may cause inaccurate times.
  • Supply counts are checked every 10 seconds.